 Dungeon Crawl Stone Soup version 0.21-a0-91-ga5031da (webtiles) character file.

32782 4thArraOfDagon the Carver (level 13, -3/98 HPs)
             Began as a Mummy Artificer on June 29, 2017.
             Was an Initiate of Gozag.
             Killed from afar by a raiju (9 damage)
             ... with a living lightning
             ... on level 2 of the Abyss.
             The game lasted 00:43:39 (18098 turns).

4thArraOfDagon the Carver (Mummy Artificer)        Turns: 18098, Time: 00:43:40

Health: -3/98      AC: 27    Str: 15    XL:     13   Next: 33%
Magic:  26/26      EV: 14    Int: 14    God:    Gozag
Gold:   2038       SH:  0    Dex: 21    Spells: 12/12 levels left

rFire    + + +     SeeInvis .   A - +8 great sword (freeze)
rCold    + + .     Gourm    .   (shield currently unavailable)
rNeg     + + +     Faith    .   L - +9 plate armour of Perfidy {rPois rF+++ MR- MP+9}
rPois    ∞         Spirit   .   y - +0 helmet
rElec    .         Reflect  .   O - scarf {rC+ rF+}
rCorr    .         Harm     .   B - +0 pair of gloves
MR       .....                  (no boots)
Stlth    ..........             s - amulet of rage
HPRegen  0.26/turn              v - +1 ring of protection
MPRegen  0.20/turn              V - +2 ring of dexterity

@: agile, about to teleport, flying, very slightly contaminated, hasted, very
quick
A: no food or potions, fire vulnerability, cold resistance 1, negative energy
resistance 3, torment resistance, unbreathing, in touch with death 1
a: Potion Petition, Call Merchant, Bribe Branch, Renounce Religion


You were on level 2 of the Abyss.
You worshipped Gozag.
Gozag was most pleased with you.
You were not hungry.

You visited 2 branches of the dungeon, and saw 15 of its levels.
You visited the Abyss 2 times.

You collected 4291 gold pieces.
You spent 1069 gold pieces at shops.
You paid 1184 gold pieces to Gozag.

Inventory:

Hand Weapons
 a - a +0 short sword
 b - a cursed +5 long sword
 f - a +2 battleaxe
 h - a +3 morningstar of freezing
 o - a +0 hand axe of flaming
 r - a +2 short sword of protection
 A - a +8 great sword of freezing (weapon)
 H - a +0 hand axe of flaming
 U - a +0 blowgun
Missiles
 t - 20 curare-tipped needles
Armour
 q - a +0 scale mail
 w - a +1 pair of gloves
 x - a +2 cloak of invisibility
 y - a +0 helmet (worn)
 B - a +0 pair of gloves (worn)
 L - the +9 plate armour of Perfidy (worn) {rPois rF+++ MR- MP+9}
   (You bought it in a shop on level 8 of the Dungeon)

   It renders you almost immune to fire.
   It protects you from poison.
   It affects your resistance to hostile enchantments.
   It affects your magic capacity (+9).
 O - a scarf of resistance (worn)
Magical Staves
 R - an uncursed staff of conjuration {unknown}
 X - an uncursed staff of earth {unknown}
Jewellery
 s - an amulet of rage (around neck)
 v - a +1 ring of protection (left hand)
 V - a +2 ring of dexterity (right hand)
Wands
 c - a wand of flame (0/48)
 d - a wand of enslavement (7/24)
 e - a wand of random effects (14/48)
 i - a wand of flame (23/48)
 k - a wand of random effects (9/48)
 p - a wand of polymorph (12/24)
 z - a wand of acid (1/15)
 D - a wand of lightning (2/15)
 E - a wand of scattershot (3/9)
 F - a wand of flame (6/48)
 G - a wand of lightning (4/15)
 J - a wand of iceblast (0/15)
 K - a wand of polymorph (13/24)
 M - a wand of confusion (30/48)
 N - a wand of confusion (10/48)
 Q - a wand of confusion (18/48)
 S - a wand of scattershot (3/9)
 T - a wand of flame (19/48)
 W - a wand of confusion (37/48)
Scrolls
 g - a scroll of noise
 j - 13 scrolls of remove curse
 l - 5 scrolls of fog
 m - 4 scrolls of recharging
 n - 2 scrolls of teleportation
 u - 2 scrolls of magic mapping
 C - 5 scrolls of immolation
 P - 2 scrolls of identify
 Y - a scroll of enchant armour
Books
 I - a Young Poisoner's Handbook

   Spells                             Type                      Level
   a - Sting                          Conjuration/Poison           1
   b - Poisonous Vapours              Poison/Air                   2
   c - Mephitic Cloud                 Conjuration/Poison/Air       3
   d - Olgreb's Toxic Radiance        Poison                       4
   e - Venom Bolt                     Conjuration/Poison           5


   Skills:
 + Level 8.1 Fighting
 - Level 0.7(8.0) Short Blades
 * Level 12.2 Long Blades
 + Level 9.6 Armour
 - Level 7.5 Dodging
 - Level 0.7 Stealth
 - Level 6.3 Evocations


You had 12 spell levels left.
You didn't know any spells.

Dungeon Overview and Level Annotations

Branches:
Dungeon (14/15)            Temple (1/1) D:4            Lair (0/6) D:10
    Orc (0/2) D:10         Vaults (0/5) D:14

Altars:
Cheibriados
Dithmenos
Elyvilon
Gozag
Hepliaklqana
Kikubaaqudgha
Makhleb
Nemelex Xobeh
Okawaru
Qazlal
Ru
Sif Muna
Trog
Vehumet
Wu Jian
Xom
Yredelemnul
Zin
The Shining One

Shops:
D:5 ?   D:7 [   D:8 *   D:11 [   D:12 %   D:13 (


Innate Abilities, Weirdness & Mutations

You do not eat or drink.
Your flesh is vulnerable to fire.
You are immune to poison.
Your flesh is cold resistant. (rC+)
You are immune to negative energy. (rN+++)
You are immune to unholy pain and torment.
You can survive without breathing.
You are in touch with the powers of death.


Message History

Unknown command.
Unknown command.
Unknown command.
Unknown command.
The insubstantial wisp blinks!
The neqoxec gestures at you.
Something tries to feed on your intellect!
Unknown command.
A raiju comes into view.
The raiju barks!
Unknown command.
The raiju moves out of view.
Unknown command.
Unknown command.
Unknown command.
Unknown command.
The raiju bursts into living lightning!
The living lightning hits you!
You die...
Your body crumbles into a pile of gold.

#. ≈≈.$..$..# #.
##≈≈... . .##.#
#.....#.*#.#.#
###.≈≈.X#.#..# ##
#§##.≈#3.#..#...
#..#..#.....# .
.....#.#.##..#. .
##....#... # # #..
#@.#.##..##...#
#.....#.#.#...#
....#
............#.##
.#..
...##.#..§#.......#.
# ..
##§.###.........#
#.# ....##..# #..
##..h...# ###
.#..#.#.. .#§# .#


You could see a large abomination and a raiju.

Vanquished Creatures
  A fire dragon (D:14)
  A hydra (D:10)
  A catoblepas (D:10)
  4 two-headed ogres
  5 centaur warriors
  2 unseen horrors (D:13)
  A deep troll (D:14)
  A wizard (D:14)
  2 deep elf magi
  3 cyclopes
  2 manticores
  2 gargoyles
  An orange demon (Abyss:2)
  A spiny frog (shapeshifter) (D:14)
  A komodo dragon (D:6)
  2 tengu conjurers
  A queen bee (shapeshifter) (D:10)
  3 trolls
  2 hornets
  A polar bear (D:12)
  2 dream sheep (D:10)
  Prince Ribbit (D:8)
  6 slime creatures (D:13)
  2 hippogriffs
  A wraith (D:10)
  A vampire (D:13)
  A shadow (D:13)
  8 orc warriors
  23 yaks
  4 wyverns
  A golden eye (D:7)
  2 basilisks (D:14)
  A human (shapeshifter) (D:14)
  4 vampire mosquitoes
  2 acid dragons
  4 water moccasins
  A swamp drake (D:10)
  6 ice beasts
  10 sky beasts
  2 eyes of draining
  2 phantoms
  A black bear (D:7)
  3 ogres
  5 centaurs
  5 big kobolds
  8 bullfrogs
  A gnoll sergeant (D:8)
  A wyvern skeleton (D:13)
  4 scorpions
  8 killer bees
  29 wights
  A howler monkey (D:10)
  An electric eel (D:14)
  11 crimson imps
  3 centaur zombies
  6 orc priests
  5 jellies
  2 quasits
  3 bullfrog skeletons
  4 hounds
  11 orc wizards
  2 centaur skeletons
  2 iguanas
  11 worker ants
  2 hound zombies
  A hound skeleton (D:4)
  A mummy (D:5)
  A worker ant zombie (D:8)
  4 gnolls (D:6)
  3 howler monkey skeletons
  12 adders
  A river rat (D:7)
  2 shadow imps
  A white imp (Abyss:2)
  3 oozes
  An adder zombie (D:6)
  2 adder skeletons
  3 worms
  3 dart slugs
  6 leopard geckos
  53 orcs
  7 bats
  3 giant cockroaches
  3 goblins
  9 hobgoblins
  2 jackals (D:4)
  4 quokkas
  4 frilled lizards
  A jackal zombie (D:7)
  10 kobolds
  A leopard gecko skeleton (D:4)
  10 rats
401 creatures vanquished.

Vanquished Creatures (collateral kills)
  A dart slug (D:3)
  A frilled lizard (D:3)
2 creatures vanquished.

Vanquished Creatures (others)
  A yak (D:10)
  A scorpion (D:4)
  3 adders
  A plant (D:10)
  A withered plant (D:9)
7 creatures vanquished.

Grand Total: 410 creatures vanquished

Notes
Turn   | Place    | Note
-------+----------+-------------------------------------------
     0 | D:1      | 4thArraOfDagon the Mummy Artificer began the quest for the Orb.
     0 | D:1      | Reached XP level 1. HP: 15/15 MP: 2/2
    74 | D:1      | Reached XP level 2. HP: 8/21 MP: 4/4
   703 | D:4      | Found a staircase to the Ecumenical Temple.
   725 | Temple   | Entered the Ecumenical Temple
   732 | Temple   | Became a worshipper of Gozag Ym Sagoz the Greedy
   930 | D:1      | Reached XP level 3. HP: 27/27 MP: 5/5
  1636 | D:2      | Reached XP level 4. HP: 33/34 MP: 6/6
  2000 | D:3      | Found a sparkling altar of Nemelex Xobeh.
  2394 | D:3      | You fall through a shaft for 2 floors!
  2394 | D:5      | Entered Level 5 of the Dungeon
  2452 | D:5      | Noticed a hippogriff
  2518 | D:4      | Reached skill level 1 in Armour
  2518 | D:4      | Reached XP level 5. HP: 35/41 MP: 7/7
  2842 | D:4      | Found a shadowy altar of Dithmenos.
  2847 | D:4      | Found an iron altar of Okawaru.
  2854 | D:4      | Found a bloodstained altar of Trog.
  2861 | D:4      | Found a deep blue altar of Sif Muna.
  2866 | D:4      | Found a radiant altar of Vehumet.
  2873 | D:4      | Found a glowing golden altar of the Shining One.
  2878 | D:4      | Found a basalt altar of Yredelemnul.
  3035 | D:4      | Reached XP level 6. HP: 43/47 MP: 8/8
  3990 | D:5      | Noticed an ice beast
  4007 | D:5      | Killed an ice beast
  4038 | D:5      | Reached XP level 7. HP: 43/54 MP: 10/10
  4294 | D:5      | Found a snail-covered altar of Cheibriados.
  4755 | D:6      | Reached skill level 5 in Evocations
  5130 | D:6      | Reached XP level 8. HP: 61/61 MP: 12/12
  5727 | D:6      | Reached skill level 5 in Fighting
  5766 | D:6      | Noticed a hippogriff
  5784 | D:6      | Noticed a two-headed ogre
  5831 | D:7      | Found Ziolaweg's Antique Armour Emporium.
  5834 | D:7      | Bought a glowing cloak for 157 gold pieces
  5894 | D:7      | Noticed a hornet
  5903 | D:7      | a hornet changed into a golden eye
  6469 | D:7      | Reached skill level 1 in Long Blades
  6686 | D:7      | Reached skill level 2 in Long Blades
  6686 | D:7      | Reached XP level 9. HP: 67/68 MP: 13/13
  6820 | D:7      | Found a runed door.
  6824 | D:7      | Noticed Crazy Yiuf
  6825 | D:7      | Noticed Crazy Yiuf
  6825 | D:7      | Crazy Yiuf changed into Crazy Yiuf the river rat
  6827 | D:7      | Killed Crazy Yiuf the river rat
  7076 | D:7      | Reached skill level 3 in Long Blades
  7138 | D:8      | Noticed Maurice
  7139 | D:8      | Noticed Maurice
  7139 | D:8      | Maurice changed into Maurice the worm
  7142 | D:8      | Killed Maurice the worm
  7224 | D:8      | Bought a scroll labeled DUOD JELOEJATT for 26 gold pieces
  7224 | D:8      | Bought a scroll labeled DUOD JELOEJATT for 26 gold pieces
  7433 | D:8      | Noticed Prince Ribbit
  7456 | D:8      | Killed Prince Ribbit
  7770 | D:8      | Reached skill level 5 in Dodging
  7792 | D:8      | Reached skill level 4 in Long Blades
  8241 | D:8      | Found a burning altar of Makhleb.
  8406 | D:9      | Found an ancient bone altar of Kikubaaqudgha.
  8828 | D:9      | Reached skill level 5 in Armour
  8849 | D:9      | Reached skill level 5 in Long Blades
  9225 | D:10     | Entered Level 10 of the Dungeon
  9301 | D:10     | Noticed a two-headed ogre
  9381 | D:9      | Reached XP level 10. HP: 71/74 MP: 14/14
  9494 | D:10     | Noticed a two-headed hydra
  9507 | D:10     | Killed a one-headed hydra
  9507 | D:10     | Reached skill level 6 in Long Blades
  9553 | D:10     | Found a staircase to the Lair.
  9562 | D:10     | Noticed a cyclops
  9593 | D:10     | Killed a cyclops
  9746 | D:10     | Noticed a gargoyle
  9749 | D:10     | Killed a gargoyle
  9749 | D:10     | Reached skill level 7 in Long Blades
 10009 | D:10     | Found a runed door.
 10267 | D:10     | Found a staircase to the Orcish Mines.
 10280 | D:10     | Reached XP level 11. HP: 46/80 MP: 15/15
 10465 | D:8      | Bought a polished plate armour for 728 gold pieces
 10465 | D:8      | Identified the +9 plate armour of Perfidy {rPois rF+++ MR- MP+9} (You bought it in a shop on level 8 of the Dungeon)
 10542 | D:10     | Noticed a catoblepas
 10548 | D:10     | Noticed a centaur warrior
 10593 | D:11     | Found Hin Wiwifa's Antique Armour Boutique.
 10744 | D:11     | Reached skill level 8 in Long Blades
 11136 | D:10     | Killed a two-headed ogre
 11205 | D:10     | Killed a catoblepas
 11631 | D:10     | Killed a centaur warrior
 11684 | D:10     | Reached skill level 9 in Long Blades
 11966 | D:10     | Noticed a two-headed ogre
 12080 | D:10     | Killed a two-headed ogre
 12381 | D:6      | Found a sacrificial altar of Ru.
 12620 | D:5      | Found Fyl Job's Magic Scroll Boutique.
 12627 | D:5      | Bought a scroll of teleportation for 33 gold pieces
 12627 | D:5      | Bought a scroll of teleportation for 33 gold pieces
 12627 | D:5      | Bought a scroll of identify for 22 gold pieces
 12627 | D:5      | Bought a scroll of identify for 22 gold pieces
 12627 | D:5      | Bought a scroll of identify for 22 gold pieces
 12879 | D:6      | Killed a two-headed ogre
 13446 | D:11     | Reached skill level 10 in Long Blades
 13563 | D:11     | HP: 4/80 [manticore (7)]
 13565 | D:11     | Reached XP level 12. HP: 23/86 MP: 16/16
 14179 | D:12     | Found Doenywod's Food Emporium.
 14323 | D:12     | Noticed Sonja
 14340 | D:12     | Noticed Sonja
 14340 | D:12     | Sonja changed into Sonja the polar bear
 14343 | D:12     | Killed Sonja the polar bear
 14404 | D:12     | Noticed a two-headed ogre
 14429 | D:12     | Killed a two-headed ogre
 15176 | D:13     | Reached skill level 11 in Long Blades
 15218 | D:13     | Found Fobu's Weapon Boutique.
 16108 | D:14     | Noticed a centaur warrior
 16108 | D:14     | Noticed a centaur warrior
 16122 | D:13     | Killed a centaur warrior
 16175 | D:14     | Killed a centaur warrior
 16370 | D:14     | Cast into level 2 of the Abyss (a wizard)
 16389 | D:14     | Escaped the Abyss
 16391 | D:14     | Gained mutation: You are in touch with the powers of death. [Mummy growth]
 16391 | D:14     | Reached XP level 13. HP: 96/96 MP: 17/17
 16823 | D:14     | Noticed a fire dragon
 17023 | D:14     | Reached skill level 12 in Long Blades
 17079 | D:14     | Killed a fire dragon
 17667 | D:14     | Found a gate to the Vaults.
 17939 | D:14     | Cast into level 2 of the Abyss (a wizard)
 17940 | Abyss:2  | Found a corrupted altar of Lugonu.
 18078 | Abyss:2  | HP: 2/98 [wretched star/orb of energy (12)]
 18098 | Abyss:2  | Killed from afar by a raiju

Vault maps used:
D:1:      lightli_arrival_windingriver
D:2:      guppyfry_early_orc_mine
D:3:      marbit_many_paths, serial_bayou_crossing
D:4:      grunt_temple_overflow_octagram, temple_pool_b, first_bread
D:5:      serial_shops, shop, chei_slow_surprise
D:6:      minmay_cornered_nines, nicolae_ru_sacrificial_ziggurat
D:7:      serial_shops, kennysheep_mini_moat, uniq_crazy_yiuf_cottage
D:8:      makhleb_grotto_becter, uniq_prince_ribbit1, uniq_maurice
D:9:      kiku_gazebo_garden_becter
D:10:     minmay_the_grid_four_pointed_star, erik_orc_1, hangedman_ranch,
          minmay_misc_feat_rugged, kennysheep_generic_room_14
D:11:     serial_shops, shop
D:12:     serial_shops, nicolae_shop_waterfront, uniq_sonja
D:13:     serial_shops, shop, minmay_unpleasant_kobolds
D:14:     david_vaults_4, minmay_misc_feat_x
Temple:   nicolae_temple_x_marks_the_god

Skill      XL: |  1  2  3  4  5  6  7  8  9 10 11 12 13 |
---------------+----------------------------------------+-----
Evocations     | 3 4 5 6 |  6.3
Fighting       | 2 3 4 5 7 8 |  8.1
Dodging        | 2 3 4 5 6 7 |  7.5
Armour         | 1 2 3 5 6 8 9 |  9.6
Long Blades    | 2 5 7 10 11 12 | 12.2
Short Blades   | |  0.7
Stealth        | |  0.7

Action                   |  1- 3 |  4- 6 |  7- 9 | 10-12 | 13-15 || total
-------------------------+-------+-------+-------+-------+-------++-------
Melee: Short sword       |    68 |   149 |   138 |       |       ||   355
       Hand axe          |    31 |    80 |       |     4 |       ||   115
       Morningstar       |       |       |   121 |       |       ||   121
       Great sword       |       |       |   154 |   610 |   100 ||   864
Invok: Call Merchant     |       |       |     1 |       |       ||     1
       Potion Petition   |       |       |       |     1 |     1 ||     2
Evoke: Wand              |     8 |     7 |    13 |    17 |     2 ||    47
  Use: Scroll            |     5 |     3 |     7 |    16 |     5 ||    36
 Stab: Distracted        |       |     1 |     1 |     4 |     1 ||     7
Armor: Leather armour    |    35 |       |       |       |       ||    35
       Scale mail        |     1 |   104 |   185 |    52 |       ||   342
       Plate armour      |       |       |       |   445 |   141 ||   586
Dodge: Dodged            |    82 |   121 |   249 |   277 |    35 ||   764
       Rpst.: Great sword |       |       |    45 |    71 |     9 ||   125
